 Dungeon Sprint DCSS version 0.31-a0-662-g684573625c (webtiles) character file.

Game seed: 690145685891343201

452 sircluck the Fighter (level 6, -8/66 HPs)
             Began as a Draconian Berserker on Aug 31, 2023.
             Was a Believer of Trog.
             Mangled by a slime creature (17 damage)
             ... in the Dungeon (Sprint I: "Red Sonja").
             The game lasted 00:00:59 (320 turns).

sircluck the Fighter (Draconian Berserker)           Turns: 320, Time: 00:00:59

Health: -8/66      AC:  6    Str: 21    XL:     6   Next: 75%
Magic:  6/6        EV: 14    Int:  8    God:    Trog [**....]
Gold:   307        SH:  0    Dex: 10    Spells: 5/5 levels left

rFire   . . .        a - +0 mace
rCold   . . .        (no shield)
rNeg    . . .        (body armour unavailable)
rPois   .            (helmet restricted)
rElec   .            (no cloak)
rCorr   .            (no gloves)
SInv    .            (no boots)
Will    .....        (no amulet)
Stlth   +            (no ring)
HPRegen 0.31/turn    (no ring)
MPRegen 0.10/turn

%: no teleportation
@: no status effects
A: AC +6, unfitting armour, cold-blooded
a: Renounce Religion, Berserk, Trog's Hand


You were in the Dungeon.
You worshipped Trog.
Trog was pleased with you.
You visited 1 branch You collected 307 gold pieces.

Inventory:

Hand Weapons
 a - a +0 mace (weapon)
Wands
 h - a wand of charming (4)
Scrolls
 g - a scroll of blinking
 i - a scroll of fear {unknown}
Potions
 b - a potion of curing
 c - a potion of heal wounds
 d - a potion of haste
 e - 3 potions of magic
 f - a potion of berserk rage


   Skills:
 + Level 9.9 Fighting
 + Level 9.0 Maces & Flails
 + Level 8.2 Dodging


You had 5 spell levels left.
You didn't know any spells.
Your spell library was empty.

Dungeon Overview and Level Annotations

Branches:
Dungeon (1/1)

Altars:
Cheibriados
Dithmenos
Elyvilon
Fedhas
Gozag
Hepliaklqana
Kikubaaqudgha
Makhleb
Nemelex Xobeh
Okawaru
Qazlal
Ru
Sif Muna
Trog
Uskayaw
Vehumet
Wu Jian
Xom
Yredelemnul
Zin
The Shining One
Jiyva
Lugonu

Shops:
D :


Innate Abilities, Weirdness & Mutations

Your plain brown scales are hard. (AC +6)
You cannot fit into any form of body armour.
You are cold-blooded and may be slowed by cold attacks.


Message History

You hit the slime creature.
The slime creature is lightly wounded.
The slime creature hits you.
You hit the slime creature.
The slime creature is lightly wounded.
The slime creature jiggles.
The slime creature hits you but does no damage.
You hit the slime creature. You tail-slap the slime creature.
The slime creature is lightly wounded.
The slime creature misses you.
You hit the slime creature. You tail-slap the slime creature.
The slime creature is moderately wounded.
The slime creature hits you!
You hit the slime creature. You tail-slap the slime creature.
The slime creature is moderately wounded.
The slime creature closely misses you.
You hit the slime creature.
The slime creature is heavily wounded.
The slime creature hits you!
* * * LOW HITPOINT WARNING * * *
You hit the slime creature. You tail-slap the slime creature.
The slime creature is heavily wounded.
The slime creature barely misses you.
You hit the slime creature.
The slime creature is severely wounded.
The slime creature hits you!
* * * LOW HITPOINT WARNING * * *
You hit the slime creature.
The slime creature is severely wounded.
The slime creature hits you.
* * * LOW HITPOINT WARNING * * *
You hit the slime creature but do no damage.
The slime creature is severely wounded.
The slime creature closely misses you.
You hit the slime creature.
The slime creature is severely wounded.
You thump the slime creature!
The slime creature is severely wounded.
The slime creature hits you!
You die...

###################
#<.#..)..#.)'..#__#
#..)..#..'..#..@J.+
#..#####'#####'#__#
#..####..#...#.####
#..#__####..##.#
#..#_____##'#_.+
#⌠⌠#_.∩...†..._#
####_..__##_.#'#
#_____###+#.#
####### ###


You could see a slime creature.

Vanquished Creatures
  Sigmund (D)
  A yak (D)
  An ogre (D)
  A jelly (D)
  Ijyb (D)
5 creatures vanquished.

Notes
Turn   | Place    | Note
-------+----------+-------------------------------------------
     0 | D        | sircluck the Draconian Berserker began the quest for the
                  | Orb.
     0 | D        | Reached XP level 1. HP: 19/19 MP: 1/1
     1 | D        | Noticed Ijyb
     7 | D        | Killed Ijyb
     8 | D        | Reached skill level 5 in Fighting
     8 | D        | Reached XP level 2. HP: 29/29 MP: 2/2
    51 | D        | Noticed an ogre
    55 | D        | Killed an ogre
    56 | D        | Reached skill level 5 in Dodging
    56 | D        | Reached XP level 3. HP: 38/38 MP: 3/3
    56 | D        | Reached XP level 4. HP: 45/45 MP: 4/4
   102 | D        | Noticed Sigmund
   121 | D        | Killed Sigmund
   121 | D        | Reached ** piety under Trog
   122 | D        | Reached XP level 5. HP: 28/56 MP: 5/5
   122 | D        | Reached XP level 6. HP: 31/62 MP: 6/6
   234 | D        | Found an ornate altar of the Wu Jian Council.
   234 | D        | Found a shimmering blue altar of Sif Muna.
   236 | D        | Found a radiant altar of Vehumet.
   280 | D        | Found Jourph's Book Emporium.
   280 | D        | Found an ancient bone altar of Kikubaaqudgha.
   280 | D        | Found a hazy altar of Hepliaklqana.
   280 | D        | Found a stormy altar of Qazlal.
   280 | D        | Found a hide-covered altar of Uskayaw.
   280 | D        | Found a blossoming altar of Fedhas.
   280 | D        | Found a bloodstained altar of Trog.
   280 | D        | Found an iron altar of Okawaru.
   280 | D        | Found a basalt altar of Yredelemnul.
   280 | D        | Found a glowing golden altar of the Shining One.
   280 | D        | Found a snail-covered altar of Cheibriados.
   280 | D        | Found a sacrificial altar of Ru.
   280 | D        | Found a glowing silver altar of Zin.
   280 | D        | Found a shadowy altar of Dithmenos.
   280 | D        | Found a white marble altar of Elyvilon.
   280 | D        | Noticed a yak
   287 | D        | Killed a yak
   288 | D        | Found an opulent altar of Gozag.
   289 | D        | Found a sparkling altar of Nemelex Xobeh.
   306 | D        | Found a burning altar of Makhleb.
   306 | D        | Found a viscous altar of Jiyva.
   306 | D        | Found a shimmering altar of Xom.
   306 | D        | Found a corrupted altar of Lugonu.
   306 | D        | Noticed a slime creature
   320 | D        | Mangled by a slime creature

Illustrated notes

Levels and vault maps discovered:
D:        dungeon_sprint_1 [red_sonja_temple_1, red_sonja_temple_small_1]

Skill      XL: |  1  2  3  4  5  6 |
---------------+-------------------+-----
Fighting       | 5 6 8 9 |  9.9
Maces & Flails | 4 6 7 9 |  9.0
Dodging        | 4 5 7 8 |  8.2

Action                     |  1- 3 |  4- 6 || total
---------------------------+-------+-------++-------
  Melee: Mace              |     8 |    38 ||    46
         Tailslap          |     2 |    14 ||    16
         Punch             |     1 |     1 ||     2
 Invoke: Berserk           |     2 |       ||     2
   Stab: Sleeping          |       |     1 ||     1
 Armour: Skin              |     2 |    16 ||    18
  Dodge: Dodged            |     2 |    20 ||    22

Table legend: (Time is in decaauts)
 A = Elapsed time spent in this place.
 B = Non-inter-level travel time spent in this place.
 C = Inter-level travel time spent in this place.
 D = Time resting spent in this place.
 E = Time spent auto-exploring this place.
 F = Levels seen in this place.
 G = Mean time per level.
                   A        B        C        D        E       F      G
               +--------+--------+--------+--------+--------+-----+--------+
         Total |    337 |    337 |      0 |    187 |      3 |   1 |  337.0 |
       Dungeon |    337 |    337 |      0 |    187 |      3 |   1 |  337.0 |
               +--------+--------+--------+--------+--------+-----+--------+

Top non-repeatable levels by time:
       D: 337 daAuts
